 Dungeon Crawl Stone Soup version 0.31-a0-263-ge8cad7f256 (webtiles) character file.

Game seed: 5853215856422174773

91 horus123 the Changeling (level 4, -2/29 HPs)
             Began as an Octopode Shapeshifter on July 14, 2023.
             Slain by an orc priest
             ... wielding a +0 hand axe of electrocution
              (20 damage)
             ... on level 3 of the Dungeon.
             The game lasted 00:02:10 (1615 turns).

horus123 the Changeling (Octopode Shapeshifter)     Turns: 1615, Time: 00:02:11

Health: -2/29      AC:  1    Str: 16    XL:     4   Next: 59%
Magic:  4/4        EV: 13    Int: 10    God:
Gold:   133        SH:  0    Dex: 12    Spells: 3/3 levels left

rFire   . .          .
                       - Unarmed
rCold   . . .        (no shield)
rNeg    . . .        (helmet currently unavailable)
rPois   .            (no amulet)
rElec   .            (no ring)
rCorr   .            (no ring)
SInv    .            (no ring)
Will    .....        (no ring)
Stlth   ++           (no ring)
HPRegen 0.24/turn    (no ring)
MPRegen 0.09/turn    (no ring)
                     (no ring)

%: no passive effects
@: beast-form
A: beast (slay +3), almost no armour, amphibious, 8 rings, camouflage 1,
gelatinous body 1, (nimble swimmer 1), tentacles
a: Begin Untransformation


You were on level 3 of the Dungeon.
You were a hulking beast.
You visited 1 branch of the dungeon, and saw 3 of its levels.

You collected 133 gold pieces.

Inventory:

Missiles
 g - 5 javelins
Talismans
 b - a beast talisman
Wands
 l - a wand of flame (21)
Scrolls
 d - 3 scrolls of identify {unknown}
 f - a scroll of fog {unknown}
 h - a scroll of amnesia {unknown}
 k - a scroll of brand weapon {unknown}
Potions
 a - a potion of lignification
 c - a potion of curing {unknown}
 e - a potion of attraction {unknown}
 i - a potion of invisibility {unknown}
 j - a potion of brilliance {unknown}


   Skills:
 - Level 2.0 Fighting
 - Level 2.0 Dodging
 - Level 2.0 Unarmed Combat
 + Level 4.6 Shapeshifting


You had 3 spell levels left.
You didn't know any spells.
Your spell library contained the following spells:

 Spells                   Type           Power      Damage    Failure   Level
 Wereblood                Tmut           0%         N/A       50%         2
 Irradiate                Conj/Tmut      0%         3d11      100%        5


Dungeon Overview and Level Annotations

Branches:
Dungeon (3/15)

Altars:


Innate Abilities, Weirdness & Mutations

You are a hulking beast.
Your limbs bulge with bestial killing power. (Slay +3)
You cannot wear most types of armour.
You are amphibious.
You can wear up to eight rings at the same time.
Your skin changes colour to match your surroundings (Stealth+).
Your rubbery body absorbs attacks. (AC +1, EV +1)
((You are camouflaged when in or above water. (Stealth+)))
You have tentacles for arms and can constrict up to eight enemies at once.


Message History

The orc closely misses you. The orc hits you with a +0 hand axe.
You tentacle-slap the orc but do no damage.
You squeeze the orc.
The orc is heavily wounded.
You constrict the orc, but do no damage.
The orc hits you with a +0 club. The orc hits you with a +0 hand axe.
You tentacle-slap the orc but do no damage.
The orc is heavily wounded.
You constrict the orc, but do no damage.
The orc completely misses you. The orc hits you with a +0 hand axe.
You are too injured to fight recklessly!
You are too injured to fight recklessly!
You are too injured to fight recklessly!
You tentacle-slap the orc.
You kill the orc!
The orc hits you with a +0 club.
You closely miss the orc. You grab the orc. You constrict the orc.
The orc barely misses you.
You bludgeon the orc!
You kill the orc!
You see here a +0 club.
You start resting.
HP restored.
You start waiting.
Done waiting.
There is a stone staircase leading down, spattered with blood here.
You climb downwards.
The orc wizard points at you and mumbles some strange words.
You resist with some effort.
There is a stone staircase leading up here.
The orc wizard mumbles some strange words.
The orc wizard flickers and vanishes!
Deactivating autopickup; reactivate with Ctrl-A.
Something hits you.
You tentacle-slap the orc priest but do no damage.
You grab the orc priest. You constrict the orc priest. Something hits you.
The orc priest hits you with a +0 hand axe of electrocution.
You are electrocuted!!
Ouch! That really hurt!
You die...

..........# ##.
#.........#
##..###.........#
.................#
#...............#
#...............#
#.........o.....#
.....!....h.....#
...(............#
#....[..........#
.......<.##.##.##
.....<...# .# #
.#....##.# .#
#.### #.# ## # #.#
...


You could see an orc priest.

Vanquished Creatures
  4 adders (D:2)
  2 worms (D:2)
  A dart slug (D:1)
  3 orcs (D:2)
  7 bats
  4 endoplasms
  3 giant cockroaches
  4 goblins (D:1)
  3 hobgoblins
  2 quokkas
  3 ball pythons
  4 frilled lizards
  2 kobolds (D:1)
  5 rats
47 creatures vanquished.

Notes
Turn   | Place    | Note
-------+----------+-------------------------------------------
     0 | D:1      | horus123 the Octopode Shapeshifter began the quest for the
                  | Orb.
     0 | D:1      | Reached XP level 1. HP: 14/14 MP: 1/1
   170 | D:1      | Reached XP level 2. HP: 19/19 MP: 2/2
   597 | D:1      | Reached XP level 3. HP: 24/24 MP: 3/3
   742 | D:2      | Reached skill level 4 in Shapeshifting
   796 | D:2      | Reached XP level 4. HP: 27/29 MP: 4/4
  1337 | D:2      | Found a faded altar of an unknown god.
  1615 | D:3      | Slain by an orc priest

Illustrated notes

Levels and vault maps discovered:
D:1:      wander_arrival_estate, layout_loops_ring, st_stairs_11
D:2:      layout_basic, hellmonk_ecumenical_altar_inner_sanctum
D:3:      layout_rooms, general_overflow_altar

Skill      XL: |  1  2  3 |
---------------+----------+-----
Shapeshifting  | 4 |  4.6
Fighting       | |  2.0
Dodging        | |  2.0
Unarmed Combat | |  2.0

Action                     |  1- 3 |  4- 6 || total
---------------------------+-------+-------++-------
  Melee: Unarmed           |    49 |    30 ||    79
         Constrict         |    14 |    11 ||    25
         Tentacles         |    14 |     2 ||    16
         Punch             |     1 |     2 ||     3
   Stab: Sleeping          |    11 |       ||    11
 Armour: Skin              |     4 |     1 ||     5
  Dodge: Dodged            |    23 |    21 ||    44

Table legend: (Time is in decaauts)
 A = Elapsed time spent in this place.
 B = Non-inter-level travel time spent in this place.
 C = Inter-level travel time spent in this place.
 D = Time resting spent in this place.
 E = Time spent auto-exploring this place.
 F = Levels seen in this place.
 G = Mean time per level.
                   A        B        C        D        E       F      G
               +--------+--------+--------+--------+--------+-----+--------+
         Total |   1613 |   1593 |     20 |    165 |   1159 |   3 |  537.7 |
       Dungeon |   1613 |   1593 |     20 |    165 |   1159 |   3 |  537.7 |
               +--------+--------+--------+--------+--------+-----+--------+

Top non-repeatable levels by time:
     D:2: 937 daAuts
     D:1: 662 daAuts
     D:3: 13 daAuts
